Map: Cyber Forest LE

Players

Mez

  • Race: Terran Terran
  • League: Master
  • Spawn Location: 5:00

A.I. 1 (Very Easy) - Winner!

  • Race: Zerg Zerg
  • Spawn Location: 11:00

VOD

Have the link to the VOD?

Description

Time

  • Played on: Aug. 19, 2019, 10:26 a.m.
  • Length: 11:26
Show
View Real Time Build Order
Export as new Build Order

Mez Terran 

Build Orders: Reaper Expand 

Get SALT Encoding   

  12  0:01  SCV  
  13  0:13  SCV  
  14  0:17  Supply Depot  
  14  0:25  SCV  
  15  0:39  SCV  
  15  0:42  Barracks  
  16  0:44  Refinery  
  16  0:51  SCV  
  17  1:03  SCV  
  18  1:15  SCV  
  19  1:29  Reaper  
  19  1:30  Orbital Command  
  20  1:41  Command Center  
  20  1:50  Supply Depot  
  20  1:55  SCV  
  21  2:01  Marine  
  21  2:08  SCV  
  23  2:14  Factory  
  23  2:16  Refinery  
  23  2:22  Barracks Reactor  
  23  2:24  SCV  
  24  2:36  SCV  
  25  2:49  SCV  
  26  2:54  Orbital Command  
  26  3:00  Starport  
  26  3:01  SCV  
  26  3:05  Hellion x2  
  31  3:08  Barracks Tech Lab  
  31  3:13  SCV  
  31  3:19  SCV  
  33  3:20  Supply Depot  
  33  3:26  SCV  
  34  3:28  Hellion  
  34  3:30  Hellion  
  38  3:35  SCV  
  38  3:38  SCV  
  38  3:39  Viking  
  42  3:45  Stimpack  
  42  3:51  Supply Depot  
  42  3:54  SCV x2  
  44  4:01  Marine  
  45  4:06  SCV x2  
  47  4:13  Factory Reactor  
  47  4:15  Starport Reactor  
  47  4:16  Barracks  
  47  4:17  Barracks  
  47  4:18  SCV  
  47  4:19  SCV, Marine  
  50  4:30  SCV  
  50  4:31  SCV  
  52  4:37  Command Center  
  52  4:43  SCV x2, Supply Depot  
  52  4:44  Marine  
  55  4:55  SCV x2  
  55  4:59  Factory Tech Lab  
  57  5:02  Medivac x2  
  57  5:04  Marine  
  62  5:10  Supply Depot  
  62  5:11  Marine x4  
  66  5:15  Engineering Bay x2  
  66  5:16  SCV  
  66  5:17  SCV  
  68  5:24  Marine  
  69  5:29  Marine  
  69  5:31  Siege Tank, Marine x3  
  69  5:34  Refinery  
  76  5:36  Refinery  
  76  5:37  Supply Depot  
  76  5:43  Marine  
  76  5:45  SCV  
  76  5:47  Terran Infantry Armor Level 1, Terran Infantry Weapons Level 1  
  76  5:49  SCV  
  79  5:50  Orbital Command  
  79  5:57  Marine x4  
  79  6:01  Marine  
  79  6:04  Supply Depot  
  84  6:07  SCV x2  
  84  6:08  Siege Tank  
  89  6:12  Combat Shield  
  89  6:14  Marine  
  90  6:19  Orbital Command  
  90  6:20  Marine  
  90  6:21  Marine x3  
  90  6:23  SCV x2  
  96  6:30  Supply Depot  
  96  6:32  Marine, Supply Depot  
  96  6:35  Medivac x2  
  96  6:38  Marine x2  
  96  6:39  Marine  
  104  6:42  Siege Tank  
  104  6:44  SCV x2  
  109  6:52  SCV  
  110  6:56  SCV x2  
  110  6:57  Marine x2, Barracks  
  110  6:58  Marine, Barracks  
  115  7:04  SCV  
  116  7:09  SCV x2, Marine x2, Supply Depot  
  116  7:12  Supply Depot  
  116  7:15  Marine  
  121  7:16  SCV, Armory  
  121  7:22  Marine x2  
  123  7:27  Marine  
  125  7:31  Siege Tank, Marine  
  125  7:32  Medivac x2  
  125  7:33  SCV x2, Marine  
  125  7:36  Supply Depot  
  136  7:40  Marine x2  
  136  7:41  Supply Depot  
  138  7:44  Supply Depot  
  138  7:46  Barracks Reactor x2  
  138  7:49  Marine x2  
  138  7:51  Marine  
  140  7:58  Marine  
  142  8:03  Marine  
  142  8:05  Siege Tank  
  150  8:06  SCV  
  150  8:07  SCV x2, Marine x2  
  150  8:09  Supply Depot  
  150  8:10  Terran Infantry Weapons Level 2  
  150  8:11  Terran Infantry Armor Level 2  
  150  8:12  Marine  
  151  8:16  Marine  
  151  8:18  SCV, Command Center  
  151  8:19  SCV  
  155  8:21  Supply Depot  
  155  8:22  Supply Depot  
  155  8:23  Refinery  
  155  8:24  Refinery, SCV  
  156  8:29  Medivac x2  
  156  8:31  SCV  
  161  8:36  Marine x4  
  161  8:37  Marine x5  
  161  8:39  Siege Tank  
  173  8:47  Supply Depot  
  173  8:49  Supply Depot  
  173  8:54  Marine x5  
  178  8:58  Factory  
  178  9:01  Marine x2  
  180  9:04  Marine x2  
  180  9:05  Medivac  
  180  9:07  Medivac  
  186  9:12  Marine x3  
  186  9:14  Marine  
  186  9:15  Terran Vehicle Weapons Level 1  
  186  9:16  Barracks  
  190  9:17  Barracks  
  190  9:18  Barracks  
  190  9:32  Marine  
  190  9:33  Marine x8  
  199  9:46  Factory Tech Lab  
  199  10:09  Barracks Reactor  
  199  10:10  Barracks Reactor x2  
  199  10:28  Planetary Fortress  
Show
View Real Time Build Order
Export as new Build Order

A.I. 1 (Very Easy) Zerg - Winner!

Build Orders: Pool First 

Get SALT Encoding   

  12  0:01  Drone  
  13  0:12  Overlord  
  13  0:16  Drone  
  14  0:36  Spawning Pool  
  14  0:37  Extractor  
  14  0:40  Drone  
  13  0:47  Drone  
  14  0:53  Overlord  
  14  1:23  Zergling x2  
  14  1:24  Queen  
  17  1:31  Roach Warren  
  16  1:34  Drone  
  17  1:40  Extractor  
  17  1:44  Drone  
  17  1:50  Zergling x2  
  18  2:01  Drone  
  19  2:09  Drone  
  20  2:16  Zergling x2  
  20  2:17  Drone  
  22  2:27  Overlord  
  22  2:31  Drone  
  23  2:39  Drone  
  23  2:43  Roach  
  26  2:46  Drone  
  27  5:00  Zergling x2  
  27  7:10  Drone  
  27  7:11  Lair, Roach  
  27  7:12  Overlord  
  30  7:17  Drone  
  30  7:19  Hatchery  
  30  7:24  Drone  
  26  7:32  Drone  
  27  7:39  Drone  
  28  7:46  Drone  
  28  7:48  Roach  
  31  8:11  Overseer  
  31  8:12  Overseer  
  31  8:24  Zergling x2  
  32  8:32  Drone  
  33  8:38  Extractor  
  33  8:39  Drone  
  33  8:40  Extractor  
  32  8:46  Drone  
  33  8:53  Drone  
  34  9:00  Drone  
  34  9:01  Roach  
  37  9:08  Drone  
  38  9:15  Drone  
  39  9:22  Drone  
  40  9:29  Drone  
  41  9:37  Drone  
  42  9:44  Drone  
  43  9:51  Drone  
  44  9:58  Drone  
  44  9:59  Overlord  
  45  10:05  Drone  
  46  10:12  Drone  
  47  10:19  Drone  
  48  10:27  Drone  
  49  10:51  Zergling x2  
  49  10:54  Drone  
  40  11:02  Drone  
  27  11:06  Overlord  
  27  11:09  Drone  
  24  11:12  Overseer  
  25  11:23  Roach Warren  
Tags
 
Add a new tag
Caveats
  • Supply blocks, unpowered buildings, or Contaminate may cause inaccurate times.
  • Supply counts are checked every 10 seconds.